 Dungeon Crawl Stone Soup version 0.29-a0-321-gf1c400731a (webtiles) character file.

Game seed: 4746315915822365209

60 sizableburger the Skirmisher (level 3, -2/23 HPs)
             Began as a Deep Elf Fighter on Apr 4, 2022.
             Slain by a gnoll
             ... wielding a +0 whip
              (5 damage)
             ... on level 1 of the Dungeon.
             The game lasted 00:03:02 (2226 turns).

sizableburger the Skirmisher (Deep Elf Fighter)     Turns: 2226, Time: 00:03:03

Health: -2/23      AC: 10    Str: 15    XL:     3   Next: 82%
Magic:  5/5        EV:  8    Int: 12    God:
Gold:   53         SH:  4    Dex: 12    Spells: 2/2 levels left

rFire   . . .      SeeInvis .   a - +0 war axe
rCold   . . .      Faith    .   c - +0 buckler
rNeg    . . .      Spirit   .   b - +0 scale mail
rPois   .          Reflect  .   (helmet restricted)
rElec   .          Harm     .   (no cloak)
rCorr   .          Rampage  .   g - +0 pair of gloves
Will    .....      Rnd*Tele +   q - +2 pair of boots
Stlth   ..........              (no amulet)
HPRegen 0.07/turn               (no ring)
MPRegen 0.09/turn               (no ring)

@: no status effects
A: horns 1, clumsy 1, teleportitis 1
a: no special abilities


You were on level 1 of the Dungeon.
You visited 1 branch of the dungeon, and saw 2 of its levels.

You collected 53 gold pieces.

Inventory:

Hand Weapons
 a - a +0 war axe (weapon)
Missiles
 h - 46 stones
 r - 2 poisoned darts (quivered)
Armour
 b - a +0 scale mail (worn)
 c - a +0 buckler (worn)
 g - a +0 pair of gloves (worn)
 q - a +2 pair of boots (worn)
Wands
 o - a wand of iceblast (13)
Scrolls
 e - 2 scrolls of magic mapping {unknown}
 i - a scroll of identify {unknown}
 j - 2 scrolls of fear {unknown}
 k - a scroll of teleportation {unknown}
 m - 2 scrolls of noise {unknown}
Potions
 d - a potion of might
 f - 4 potions of mutation
 l - a potion of degeneration {unknown}
 p - a potion of cancellation {unknown}


   Skills:
 + Level 3.2 Fighting
 + Level 2.6 Axes
 - Level 2.4 Armour
 - Level 2.4 Shields


You had 2 spell levels left.
You didn't know any spells.
Your spell library contained the following spells:

 Spells                   Type           Power      Damage    Failure   Level
 Magic Dart               Conj           0%         1d3       86%         1
 Sandblast                Erth           0%         2d4       86%         1
 Call Imp                 Summ           0%         N/A       95%         2
 Passwall                 Tmut/Erth      0%         N/A       95%         2
 Mephitic Cloud           Conj/Pois/Air  0%         N/A       99%         3
 Stone Arrow              Conj/Erth      0%         3d7       99%         3


Dungeon Overview and Level Annotations

Branches:
Dungeon (2/15)

Altars:


Innate Abilities, Weirdness & Mutations

You have a pair of small horns on your head.
You are clumsy. (Dex -2)
You are occasionally teleported next to monsters.


Message History

A gnoll comes into view. It is wielding a +0 spear.
There are monsters nearby!
There is a faded altar of an unknown god here.
The gnoll hits you with a +0 whip. The gnoll attacks as you move away!
The gnoll hits you but does no damage. The gnoll attacks as you move away!
You block the gnoll's attack. The gnoll attacks as you move away!
The gnoll hits you with a +0 whip. The gnoll attacks as you move away!
The gnoll hits you but does no damage. The gnoll attacks as you move away!
The gnoll hits you with a +0 whip. The gnoll attacks as you move away!
The gnoll hits you with a +0 whip.
There is a stone staircase leading up here.
The gnoll hits you with a +0 whip.
You climb upwards.
There is a stone staircase leading down here.
Throw: 4 darts (poison)
Press: ? - help, Q - select action, (/) - cycle Shift-Dir - straight line, f - gnoll
Aim: a gnoll, wielding a +0 whip (63% to hit)
You throw a poisoned dart.
The poisoned dart barely misses the gnoll.
The gnoll hits you with a +0 whip.
Throw: 3 darts (poison)
Press: ? - help, Q - select action, (/) - cycle Shift-Dir - straight line, f/p - gnoll
Aim: a gnoll, wielding a +0 whip (63% to hit)
You throw a poisoned dart. The poisoned dart hits the gnoll.
The gnoll is poisoned.
The gnoll hits you with a +0 whip.
You hit the gnoll.
The gnoll is heavily wounded.
The gnoll hits you but does no damage.
Okay, then.
You closely miss the gnoll.
The gnoll is heavily wounded.
The gnoll barely misses you. The gnoll hits you with a +0 whip.
* * * LOW HITPOINT WARNING * * *
Unknown command.
It was a potion of mutation.
You feel extremely strange.
You feel clumsy. A pair of horns grows on your head!
You feel weirdly uncertain. The gnoll hits you with a +0 whip.
You die...

#.#
#.###........⌠......
#.# #.#
##...⌠.......... #.#
#.# ###..........⌠.
######.#
#.#######'##........
#......#
#......#...#########
#.####.#
######.#............
#.######
#.#.###..######
#.#≈≈≈≈#
####.#.###.##
#.#≈≈≈≈###
#@g..).....#
#.'≈≈≈≈'.##
#.#####.##########
###≈≈≈≈#..# ##.#
#..........#
#≈≈≈≈##.# #..#
#.########.#
#######.## #..#
#.########.# #...#
#>.#####..........#
#...#
#........#######..#
#...# #.###.####
#..# #.### #.# #.#
#..#


You could see a gnoll (poisoned).

Vanquished Creatures
  A worm (D:2)
  3 dart slugs
  8 endoplasms
  A giant cockroach (D:1)
  8 goblins
  5 hobgoblins
  2 jackals (D:2)
  12 ball pythons
  3 bats
  2 frilled lizards
  A kobold (D:2)
  A rat (D:2)
47 creatures vanquished.

Vanquished Creatures (others)
  9 demonic plants (D:2)
  7 fungi (D:2)
  8 plants (D:2)
  3 withered plants (D:2)
27 creatures vanquished.

Grand Total: 74 creatures vanquished

Notes
Turn   | Place    | Note
-------+----------+-------------------------------------------
     0 | D:1      | sizableburger the Deep Elf Fighter began the quest for the
                  | Orb.
     0 | D:1      | Reached XP level 1. HP: 13/13 MP: 3/3
   118 | D:1      | Reached XP level 2. HP: 11/18 MP: 4/4
  1000 | D:1      | Reached skill level 3 in Fighting
  1025 | D:1      | Reached XP level 3. HP: 23/23 MP: 5/5
  1480 | D:2      | Found a faded altar of an unknown god.
  2226 | D:1      | Gained mutation: You are clumsy. (Dex -2) [potion of
                  | mutation]
  2226 | D:1      | Gained mutation: You have a pair of small horns on your
                  | head. [potion of mutation]
  2226 | D:1      | Gained mutation: You are occasionally teleported next to
                  | monsters. [potion of mutation]
  2226 | D:1      | Slain by a gnoll

Illustrated notes

Levels and vault maps discovered:
D:1:      dpeg_arrival_water_temple_mockup, layout_loops_ring, serial_rivers,
          chequers_serial_rivers_small_3, chequers_serial_rivers_room_b,
          chequers_serial_rivers_micro_b, chequers_serial_rivers_room_b,
          chequers_serial_rivers_large_a, minivault_27, fountainhead
D:2:      layout_rooms, basic_altar, shapermc_ecumenical_altar_gd

Skill      XL: |  1  2 |
---------------+-------+-----
Axes           | 2 |  2.6
Fighting       | 3 |  3.2
Armour         | |  2.4
Shields        | |  2.4

Action                   || total
-------------------------++-------
Melee: War axe           ||    92
 Fire: Hunting sling     ||     4
Throw: Stone             ||    46
       Dart              ||     2
  Use: Potion            ||     1
Armor: Scale mail        ||    47
Dodge: Dodged            ||    26
Block: Buckler           ||    26

Table legend: (Time is in decaauts)
 A = Elapsed time spent in this place.
 B = Non-inter-level travel time spent in this place.
 C = Inter-level travel time spent in this place.
 D = Time resting spent in this place.
 E = Time spent auto-exploring this place.
 F = Levels seen in this place.
 G = Mean time per level.
                   A        B        C        D        E       F      G
               +--------+--------+--------+--------+--------+-----+--------+
         Total |   2308 |   2109 |    199 |    391 |   1294 |   2 | 1154.0 |
       Dungeon |   2308 |   2109 |    199 |    391 |   1294 |   2 | 1154.0 |
               +--------+--------+--------+--------+--------+-----+--------+

Top non-repeatable levels by time:
     D:1: 1411 daAuts
     D:2: 896 daAuts
